 Dungeon Crawl Stone Soup version 0.26-a0-812-g31a745ddcd (webtiles) character file.

Game seed: 10760728143930231924

10237 dmks the Geomancer (level 11, -4/51 HPs)
             Began as a Green Draconian Earth Elementalist on Nov 15, 2020.
             Was a Priest of Sif Muna.
             Killed from afar by a wretched star (27 damage)
             ... with a lance of force
             ... on level 1 of the Abyss.
             The game lasted 01:27:22 (21956 turns).

dmks the Geomancer (DrEE)                          Turns: 21956, Time: 01:27:22

Health: -4/51      AC: 12    Str:  6 (7)  XL:     11   Next: 33%
Magic:  19/19      EV: 28    Int: 13 (15) God:    Sif Muna [***...]
Gold:   625        SH:  0    Dex:  6 (7)  Spells: 9/29 levels left

rFire    . . .     SeeInvis .   G - staff of earth
rCold    . . .     Faith    .   (no shield)
rNeg     . . .     Spirit   .   (armour unavailable)
rPois    +         Reflect  .   (helmet restricted)
rElec    .         Harm     .   y - +0 cloak
rCorr    .         Rampage  .   B - +2 pair of gloves
MR       .....     Rnd*Rage +   E - +0 pair of boots Stlth ++........Rnd*Tele +
                                x - amulet of the acrobat
HPRegen  0.17/turn              d - ring of wizardry
MPRegen  0.16/turn              h - ring of wizardry

@: acrobat
A: breathe noxious fumes, unfitting armour, [berserk 2], [blurry vision 3],
[clumsy 2], [deterioration 2], [dopey 2], [frail 3], [low mp 2], poison
resistance, [screaming 3], [teleportitis 2], [weak 2], [no potion heal 2],
cold-blooded, [subdued magic 2], AC +7
a: Breathe Noxious Fumes, Channel Magic, Forget Spell, Renounce Religion


You were on level 1 of the Abyss.
You worshipped Sif Muna.
Sif Muna was most pleased with you.
You visited 3 branches of the dungeon, and saw 12 of its levels.
You visited the Abyss 1 time.
You also visited: Sewer.

You collected 625 gold pieces.

Inventory:

Hand Weapons
 e - the +4 quarterstaff of Muisik {venom, rPois Str-5 Dex+5}
   (You found it on level 10 of the Dungeon)

   It poisons the flesh of those it strikes.
   It affects your strength (-5).
   It affects your dexterity (+5).
   It protects you from poison.
 p - a +3 flail of holy wrath
   (You took it off an orc on level 3 of the Dungeon)
Missiles
 b - 110 stones (quivered)
 o - 2 throwing nets {!f}
Armour
 y - a +0 cloak (worn)
   (You found it on level 2 of the Dungeon)
 B - a +2 pair of gloves (worn)
   (You found it on level 4 of the Dungeon)
 E - a +0 pair of boots (worn)
   (You found it on level 5 of the Dungeon)
Magical Staves
 F - an uncursed staff of fire
   (You found it on level 4 of the Dungeon)
 G - an uncursed staff of earth (weapon)
   (You found it on level 7 of the Dungeon)
Jewellery
 d - a ring of wizardry (left hand)
   (You found it on level 1 of the Dungeon)
 h - a ring of wizardry (right hand)
   (You found it on level 2 of the Dungeon)
 t - an uncursed amulet of the acrobat
   (You found it on level 10 of the Dungeon)
 x - an amulet of the acrobat (around neck)
   (You found it on level 9 of the Dungeon)
 J - a +4 ring of evasion
   (You found it on level 10 of the Dungeon)
Wands
 c - a wand of disintegration (14)
   (You found it on level 6 of the Dungeon)
Scrolls
 f - 2 scrolls of fear
 k - 2 scrolls of immolation {!r}
 l - 5 scrolls of magic mapping
 n - 3 scrolls of remove curse {@r2}
 u - 7 scrolls of teleportation {@r4}
 A - 2 scrolls of enchant armour
 C - 3 scrolls of fog
 D - a scroll of blinking
 I - 4 scrolls of enchant weapon
Potions
 a - 3 potions of lignification {!q}
 j - 2 potions of mutation {!q}
 m - 6 potions of curing {@q1}
 q - a potion of berserk rage
 r - 4 potions of flight
 s - 3 potions of brilliance
 v - a potion of ambrosia
 w - 2 potions of cancellation
 z - 2 potions of heal wounds {@q2}
 H - 4 potions of might


   Skills:
 + Level 6.9 Dodging
 - Level 4.0 Stealth
 * Level 9.6 Spellcasting
 - Level 1.0 Transmutations
 + Level 4.5 Fire Magic
 * Level 10.7 Earth Magic
 + Level 5.0 Invocations


You had 9 spell levels left.
You knew the following spells:

 Your Spells              Type           Power        Failure   Level
a - Sandblast             Erth           ####..       1%          1
b - Lee's Rapid Deconstr  Erth           ####......   1%          5
c - Petrify               Tmut/Erth      ###.....     1%          4
d - Fireball              Conj/Fire      #.........   24%         5
q - Passwall              Tmut/Erth      ###.....     1%          2
x - Stone Arrow           Conj/Erth      ###...       1%          3

Your spell library contained the following spells:

 Spells                   Type           Power        Failure   Level
 Foxfire                  Conj/Fire      #...         1%          1
 Corona                   Hex            #......      2%          1
 Magic Dart               Conj           #...         2%          1
 Ensorcelled Hibernation  Hex/Ice        #.....       3%          2
 Confusing Touch          Hex            #.......     7%          3
 Dazzling Flash           Conj/Hex       #.....       7%          3
 Tukima's Dance           Hex            #.......     7%          3
 Cause Fear               Hex            #.........   24%         4
 Fulminant Prism          Conj/Hex       #.........   24%         4
 Hailstorm                Conj/Ice       #.......     24%         4
 Irradiate                Conj/Tmut      #.........   45%         5
 Dragon Form              Tmut           #.........   100%        7
 Malign Gateway           Summ/Tloc      #.........   100%        7
 Monstrous Menagerie      Summ           #.........   100%        7
 Summon Greater Demon     Summ           #.........   100%        7
 Summon Horrible Things   Summ           #.........   100%        8
 Dragon's Call            Summ           #.........   100%        9


Dungeon Overview and Level Annotations

Branches:
Dungeon (10/15)            Temple (1/1) D:7            Lair (0/6) D:9
    Orc (1/2) D:9           Sewer (visited)

Altars:
Ashenzari
Dithmenos
Elyvilon
Fedhas
Gozag
Hepliaklqana
Kikubaaqudgha
Makhleb
Nemelex Xobeh
Okawaru
Qazlal
Ru
Sif Muna
Trog
Uskayaw
Vehumet
Wu Jian
Yredelemnul
Zin
Beogh

Shops:
D:8 }*!!(   D:9 (   D:10 *


Innate Abilities, Weirdness & Mutations

You can breathe blasts of noxious fumes.
Your lurid green scales are hard. (AC +7)
You cannot fit into any form of body armour.
Your system is resistant to poisons. (rPois)
You are cold-blooded and may be slowed by cold attacks.
[You often lose your temper in combat.]
[Scrolls take you much longer to read.]
[You are very clumsy. (Dex -4)]
[Your body often deteriorates upon taking damage.]
[You are very dopey. (Int -4)]
[You are extremely frail. (-30% HP)]
[Your magical capacity is very low. (-20% MP)]
[You frequently scream uncontrollably at your foes.]
[You are sometimes teleported next to monsters.]
[You are very weak. (Str -4)]
[Potions are poor at restoring your health.]
[Your spells are easier to cast, but less powerful.]


Message History

The wretched star pulses with an eldritch light!
You feel frail.
The wretched star pulses with an eldritch light!
You feel weirdly uncertain.
You feel even more weirdly uncertain.
The wretched star pulses with an eldritch light!
You feel less energetic. x2
A spatial vortex comes into view.
The spatial vortex moves out of view.
The wretched star pulses with an eldritch light!
You feel stupid. x2
The wretched star pulses with an eldritch light!
You feel a little pissed off.
You feel angry.
A spatial vortex comes into view.
Found an iron altar of Okawaru.
A spatial vortex comes into view.
A wretched star comes into view.
The wretched star glows turbulently.
The lance of force misses you.
The wretched star glows turbulently.
The lance of force misses you.
The wretched star glows turbulently.
The lance of force hits you!
* * * LOW HITPOINT WARNING * * *
You are knocked back by the lance of force.
You slam into the rock wall!
* * * LOW HITPOINT WARNING * * *
A spatial maelstrom comes into view.
You yell at the spatial vortex!
A spatial vortex comes into view.
You hear a deafening roar!
You hear a shout!
A spatial vortex comes into view.
The wretched star glows turbulently.
The lance of force misses you.
The spatial vortex moves out of view.
An ice devil comes into view.
A spatial vortex comes into view. x2
The spatial maelstrom misses you. x2
The wretched star pulses with an eldritch light!
You feel weaker. x2; You feel a strong urge to scream.
A spatial vortex comes into view.
A chaos spawn comes into view.
The spatial vortex moves out of view.
A spatial vortex comes into view.
The spatial maelstrom misses you.
The spatial maelstrom hits you but does no damage.
The spatial vortex completely misses you.
A spatial vortex comes into view.
You scream at the spatial vortex!
The wretched star glows turbulently.
The lance of force hits you!!
Ouch! That really hurt!
You die...

#...#.#. .# #.#._...# .
v # #......# #. #.
#.####..#.# ##.. ...
#......#.# ....
v...########.......#.###
...4v..v##.....##.#....#
#.4v.#.......#.#..###
#.#.@..*#....### .###
#4#v##.#.#.#.#. ....#
#v#..#............#
####.###.#..###..# ##.
###......## # # .#. .. #
#...### .... # #..##. #


You could see a spatial maelstrom, a wretched star, 6 spatial vortices, an ice
devil and a chaos spawn (wandering).

Vanquished Creatures
  Harold (D:10)
  A two-headed ogre (D:10)
  A komodo dragon (D:9)
  Prince Ribbit (D:8)
  Grinder (D:6)
  Sigmund (D:2)
  2 wyverns
  A yak (D:7)
  16 soldier ants
  7 orc warriors
  3 sky beasts
  2 black bears
  2 phantoms
  2 ice beasts (D:8)
  8 ogres
  A necrophage (D:8)
  3 centaurs
  A small abomination (Abyss:1)
  2 big kobolds
  9 bullfrogs
  A water moccasin zombie (D:7)
  6 scorpions
  4 howler monkeys
  A bullfrog zombie (D:9)
  3 centaur zombies
  A quasit (D:10)
  8 orc priests
  4 jellies
  4 hounds
  2 bullfrog skeletons
  5 orc wizards
  Jessica (D:3)
  3 iguanas
  Terence (D:1)
  31 worker ants
  A killer bee zombie (D:7)
  Robin (D:3)
  A gnoll (D:2)
  11 adders
  An ufetubus (D:7)
  2 oozes
  An adder skeleton (D:9)
  5 adder zombies
  7 worms
  10 dart slugs
  7 leopard geckos
  52 orcs
  21 giant cockroaches
  11 goblins
  11 hobgoblins
  16 jackals
  6 quokkas
  4 ball pythons
  10 bats
  14 frilled lizards
  A giant cockroach zombie (D:6)
  10 kobolds
  A leopard gecko skeleton (D:8)
  A quokka skeleton (D:5)
  6 rats
351 creatures vanquished.

Vanquished Creatures (collateral kills)
  A soldier ant (D:10)
  2 worker ants (D:10)
3 creatures vanquished.

Vanquished Creatures (others)
  A soldier ant (D:10)
  11 fungi (D:9)
  13 plants (D:9)
25 creatures vanquished.

Grand Total: 379 creatures vanquished

Notes
Turn   | Place    | Note
-------+----------+-------------------------------------------
     0 | D:1      | dmks the Draconian Earth Elementalist began the quest for
                  | the Orb.
     0 | D:1      | Reached XP level 1. HP: 14/14 MP: 3/3
   216 | D:1      | Reached XP level 2. HP: 10/20 MP: 0/5
  1080 | D:2      | Reached XP level 3. HP: 21/26 MP: 2/6
  1192 | D:2      | Noticed Sigmund
  1428 | D:2      | Learned a level 3 spell: Stone Arrow
  1501 | D:2      | Reached XP level 4. HP: 33/33 MP: 3/8
  1989 | D:3      | Reached skill level 4 in Earth Magic
  1989 | D:3      | Reached XP level 5. HP: 25/38 MP: 4/9
  2155 | D:3      | Found a glowing drain.
  2180 | Sewer    | Entered a sewer
  3012 | D:3      | Learned a level 2 spell: Passwall
  3028 | D:3      | Noticed Terence
  3034 | D:3      | Noticed Jessica
  3164 | D:2      | Killed Sigmund
  3164 | D:2      | Reached XP level 6. HP: 45/45 MP: 1/11
  3241 | D:1      | Killed Terence
  3664 | D:2      | Found a faded altar of an unknown god.
  3902 | D:3      | Noticed Robin
  3982 | D:3      | Killed Robin
  4062 | D:3      | Killed Jessica
  4113 | D:3      | Reached skill level 5 in Earth Magic
  4394 | D:3      | Found a sacrificial altar of Ru.
  5325 | D:4      | Your scales start taking on a lurid green colour.
  5325 | D:4      | Reached XP level 7. HP: 14/50 MP: 0/13
  5325 | D:4      | Gained mutation: Your system is resistant to poisons.
                  | (rPois) [Green Draconian growth]
  6212 | D:5      | Entered Level 5 of the Dungeon
  6557 | D:5      | Learned a level 5 spell: Lee's Rapid Deconstruction
  6716 | D:5      | Reached skill level 5 in Spellcasting
  6716 | D:5      | Reached skill level 6 in Earth Magic
  6899 | D:5      | Learned a level 4 spell: Petrify
  7467 | D:5      | Reached XP level 8. HP: 57/57 MP: 5/15
  9228 | D:6      | Noticed Grinder
  9366 | D:6      | Paralysed by Grinder for 4 turns
  9867 | D:6      | Paralysed by Grinder for 4 turns
  9878 | D:6      | Killed Grinder
  9878 | D:6      | Reached skill level 7 in Earth Magic
 11099 | D:7      | Reached XP level 9. HP: 52/62 MP: 8/19
 11189 | D:7      | Noticed a white ugly thing
 11305 | D:7      | Found a staircase to the Ecumenical Temple.
 11344 | Temple   | Entered the Ecumenical Temple
 11461 | Temple   | Became a worshipper of Sif Muna the Loreminder
 11669 | D:7      | Reached skill level 5 in Dodging
 12122 | D:7      | Reached skill level 8 in Earth Magic
 13002 | D:7      | Identified Sif Muna's Catalogue of Excruciating Hexes
 13310 | D:7      | Learned a level 5 spell: Fireball
 13386 | D:8      | Found a hide-covered altar of Uskayaw.
 13439 | D:8      | Found Koumitif's Distillery.
 13658 | D:8      | Found Uxter's Weapon Shoppe.
 13693 | D:8      | Reached skill level 1 in Invocations
 13797 | D:8      | Reached skill level 1 in Fire Magic
 13921 | D:8      | Noticed Prince Ribbit
 13922 | D:8      | Found Xouxt's Distillery.
 13935 | D:8      | Killed Prince Ribbit
 13990 | D:8      | Reached skill level 9 in Earth Magic
 14484 | D:8      | Found Jimn's Assorted Antiques.
 14493 | D:8      | Reached XP level 10. HP: 69/69 MP: 15/22
 14502 | D:8      | Reached * piety under Sif Muna
 14826 | D:8      | Found Tekkiwnut's Gadget Shop.
 15404 | D:9      | Found Kahiacy's Weapon Shop.
 15604 | D:9      | Found a hazy altar of Hepliaklqana.
 15606 | D:9      | Found a stormy altar of Qazlal.
 16003 | D:9      | Reached ** piety under Sif Muna
 16154 | D:9      | Found a roughly hewn altar of Beogh.
 16154 | D:9      | Found a staircase to the Orcish Mines.
 16339 | D:9      | Found a blossoming altar of Fedhas.
 16540 | D:9      | Found a staircase to the Lair.
 17260 | D:10     | Entered Level 10 of the Dungeon
 17287 | D:10     | Found Dymas's Assorted Antiques.
 17357 | D:10     | Noticed a two-headed ogre
 17374 | D:10     | Killed a two-headed ogre
 17374 | D:10     | Reached skill level 10 in Earth Magic
 17592 | D:10     | Got a jewelled quarterstaff
 17633 | D:10     | Noticed Harold
 18061 | D:10     | Reached *** piety under Sif Muna
 18343 | D:10     | Reached XP level 11. HP: 73/73 MP: 1/24
 18673 | D:10     | Noticed a queen ant
 21085 | D:10     | Killed Harold
 21085 | D:10     | Reached skill level 5 in Invocations
 21545 | D:10     | Identified the +4 quarterstaff of Muisik {venom, rPois
                  | Str-5 Dex+5} (You found it on level 10 of the Dungeon)
 21587 | Orc:1    | Entered Level 1 of the Orcish Mines
 21652 | Orc:1    | Cast into level 1 of the Abyss (orc)
 21690 | Abyss:1  | Noticed a wretched star
 21748 | Abyss:1  | Noticed a thrashing horror
 21773 | Abyss:1  | Noticed a wretched star
 21844 | Abyss:1  | Found a corrupted altar of Lugonu.
 21881 | Abyss:1  | Noticed a death knight
 21889 | Abyss:1  | Noticed a wretched star
 21914 | Abyss:1  | Noticed a thrashing horror
 21938 | Abyss:1  | Found an iron altar of Okawaru.
 21943 | Abyss:1  | Noticed a wretched star
 21951 | Abyss:1  | Noticed a spatial maelstrom
 21956 | Abyss:1  | Killed from afar by a wretched star

Illustrated notes

Levels and vault maps discovered:
D:1:      beargit_arrival_greenhouse, layout_basic
D:2:      layout_rooms, chequers_ecumenical_altar_twisty, kennysheep_doodads,
          st_stairs_3, uniq_sigmund
D:3:      minmay_roachtagon, layout_loops_ring, overflow_temple_1_default,
          cheibrodos_sewer_entry_bend, uniq_jessica, uniq_robin, uniq_terence
D:4:      layout_cave_pods
D:5:      kennysheep_slugbush, layout_layer_cave, serial_park_tiny_pond
D:6:      layout_cave_pods, bh_walls_and_bars, uniq_grinder
D:7:      minmay_the_grid_square_5x5_3x3
          [minmay_the_grid_square_5x5_checkered_statues,
          minmay_the_grid_square_5x5_half_checkered,
          minmay_the_grid_square_5x5_shrine2, minmay_the_grid_square_5x5_corner,
          minmay_the_grid_square_5x5_megaprize_diamond,
          minmay_the_grid_square_5x5_checkered, minmay_the_grid_square_5x5_comb,
          minmay_the_grid_square_5x5_six_small,
          minmay_the_grid_square_5x5_eight], layout_loops_ring, temple_hall
D:8:      layout_basic, lemuel_crystal_altar, serial_shops, shop_fountains,
          shop_statue, kennysheep_mini_moat, nicolae_shop_crystal, shop,
          uniq_prince_ribbit1
D:9:      layout_basic, grunt_temple_overflow_open,
          grunt_lair_entry_orc_guard_hut, david_orc_5, serial_rivers,
          chequers_serial_rivers_marsh, chequers_serial_rivers_room_b,
          chequers_serial_rivers_micro_d, chequers_serial_rivers_micro_d,
          chequers_serial_rivers_micro_c, chequers_serial_rivers_large_b,
          serial_shops, nicolae_shop_temple_entry_statues_fountains,
          fedhas_bush_and_centaur_altar
D:10:     layout_cave_pools, serial_shops, shop, serial_rivers,
          chequers_serial_rivers_micro_c, chequers_serial_rivers_large_a,
          chequers_serial_rivers_room_b, chequers_serial_rivers_room_a,
          zaba_anthell, uniq_harold
Temple:   dpeg_five_rooms_temple
Orc:1:    layout_caves, enter_bailey_1, nicolae_orc_tapped_out, uniq_urug
Abyss:1:  base: D:14, evilmike_abyss_exit_glass, abyss_furniture_001,
          evilmike_abyss_exit_11

Skill      XL: |  1  2  3  4  5  6  7  8  9 10 11 |
---------------+----------------------------------+-----
Stealth        | 2 3 4 |  4.0
Dodging        | 2 3 4 5 6 |  6.9
Spellcasting   | 3 4 5 6 8 9 |  9.6
Earth Magic    | 4 5 6 7 9 10 | 10.7
Invocations    | 2 4 5 |  5.0
Fire Magic     | 2 3 4 |  4.5
Transmutations | |  1.0

Action                   |  1- 3 |  4- 6 |  7- 9 | 10-12 || total
-------------------------+-------+-------+-------+-------++-------
Melee: Unarmed           |     5 |    50 |       |       ||    55
       Tailslap          |     1 |    13 |     1 |       ||    15
       Flail             |       |    61 |    16 |       ||    77
       Staff             |       |       |    15 |     3 ||    18
Throw: Stone             |       |       |     1 |       ||     1
 Cast: Sandblast         |    41 |    74 |    32 |    63 ||   210
       Stone Arrow       |     1 |    51 |   152 |   190 ||   394
       Passwall          |       |     1 |     5 |     6 ||    12
       Lee's Rapid Decon |       |       |    24 |    22 ||    46
       Petrify           |       |       |    21 |    23 ||    44
Invok: Channel Magic     |       |       |       |     2 ||     2
 Abil: Breathe Noxious F |       |       |    24 |    15 ||    39
  Use: Scroll            |     2 |     1 |    20 |     3 ||    26
       Potion            |       |       |       |     4 ||     4
Armor: Skin              |     3 |    62 |    56 |    37 ||   158
Dodge: Dodged            |    14 |   124 |    96 |   115 ||   349

Table legend: (Time is in decaauts)
 A = Elapsed time spent in this place.
 B = Non-inter-level travel time spent in this place.
 C = Inter-level travel time spent in this place.
 D = Time resting spent in this place.
 E = Time spent auto-exploring this place.
 F = Levels seen in this place.
 G = Mean time per level.
                   A        B        C        D        E       F      G
               +--------+--------+--------+--------+--------+-----+--------+
         Total |  22124 |  21612 |    512 |   6007 |  11647 |  14 | 1580.3 |
       Dungeon |  20857 |  20421 |    436 |   5753 |  11105 |  10 | 2085.7 |
        Temple |    193 |    117 |     76 |      0 |    103 |   1 |  193.0 |
  Orcish Mines |     39 |     39 |      0 |      0 |     25 |   1 |   39.0 |
         Abyss |    266 |    266 |      0 |     31 |      0 |   1 |  266.0 |
         Sewer |    767 |    767 |      0 |    223 |    414 |   1 |  767.0 |
               +--------+--------+--------+--------+--------+-----+--------+

Top non-repeatable levels by time:
     D:9: 3517 daAuts
     D:5: 2881 daAuts
    D:10: 2403 daAuts
     D:8: 2393 daAuts
     D:7: 2255 daAuts
     D:6: 1759 daAuts
     D:3: 1714 daAuts
     D:1: 1495 daAuts
     D:4: 1322 daAuts
     D:2: 1114 daAuts
   Sewer: 767 daAuts
 Abyss:1: 266 daAuts
  Temple: 193 daAuts
   Orc:1: 39 daAuts
